Portland Pirates vs Seattle Thunderbirds

Created - 11 janvier 2018 at 19:25

Goals
1 2 3 T
Portland Pirates 1 0 3 4
Seattle Thunderbirds 1 0 1 2
Shots
1 2 3 T
Portland Pirates 24 9 9 42
Seattle Thunderbirds 10 8 18 36

1st period

1. Seattle Thunderbirds , T.J. Tynan 5 (Rourke Chartier 3, Jamie McBain 35) at 7:59
2. Portland Pirates , Curtis Lazar 9 (John Quenneville 25) at 16:10

Penalties :
Andrew Campbell (THU) for Fighting (Major) at 19:30, Ben Thomas (PIR) for Fighting (Major) at 19:30

2nd period

No Goal

Penalties :
Joakim Ryan (PIR) for Holding Stick (Minor) at 6:42

3rd period

3. Portland Pirates , Blake Pietila 9 (Jack Roslovic 12) at 5:51
4. Seattle Thunderbirds , Devin Setoguchi 28 (Yannick Weber 12, Peter Mueller 23) at 7:49
5. Portland Pirates , Joonas Donskoi 22 (Ben Thomas 4) at 11:23
6. Portland Pirates , Greg Carey 15 (Joonas Donskoi 29) at 13:08 (PP)

Penalties :
Ben Thomas (PIR) for Interference (Minor) at 1:24, Devin Setoguchi (THU) for Hooking (Minor) at 13:04

Goalie Stats

Michael Hutchinson (PIR), 34 saves from 36 shots - (0,944), W, 7-6-0, 60:00 minutes
John Muse (THU), 38 saves from 42 shots - (0,905), L, 11-5-2, 60:00 minutes

Players Stats for Portland Pirates

Player Name              G  A  P  +/- PIM S  H  SB GA TA FO     MP     PP MP  PK MP  
------------------------------------------------------------------------------------
Alan Quine               0  0  0   1  0   3  4  0  0  1  1/1    18:25   0:00   1:52 
Ben Thomas               0  1  1   2  7   2  0  0  1  0  0/0    21:25   0:04   1:12 
Blake Pietila            1  0  1   1  0   1  1  0  0  2  1/2    16:12   0:00   1:52 
Curtis Lazar             1  0  1   0  0   3  4  0  0  0  1/2    15:34   0:00   0:00 
David Warsofsky          0  0  0  -1  0   1  0  0  0  1  0/0    15:43   0:04   2:19 
Greg Carey               1  0  1   0  0   3  0  0  0  1  12/24  16:05   0:04   0:00 
Jack Roslovic            0  1  1   1  0   4  1  1  0  0  3/8    15:19   0:00   0:57 
Jake Virtanen            0  0  0  -1  0   2  3  0  0  0  0/0    10:19   0:00   0:57 
Joakim Ryan              0  0  0   2  2   0  1  3  0  0  0/0    23:00   0:00   0:57 
John Quenneville         0  1  1   0  0   3  0  0  0  0  0/1    15:34   0:00   0:00 
Joonas Donskoi           1  1  2   1  0   3  2  0  0  2  1/2    16:20   0:04   0:00 
Justin Bailey            0  0  0   1  0   3  1  0  1  0  0/0    15:11   0:00   1:09 
Justin Falk              0  0  0   0  0   3  0  3  0  0  0/0    21:35   0:00   1:02 
Kyle Baun                0  0  0  -1  0   2  0  0  1  0  0/1     9:09   0:00   0:00 
Kyle Wood                0  0  0   0  0   1  0  3  0  0  0/0    22:37   0:00   1:39 
Mike Amadio              0  0  0  -1  0   1  2  0  0  0  3/4    11:09   0:00   1:09 
Ryan Carpenter           0  0  0   1  0   7  4  0  0  0  4/9    16:21   0:04   0:00 
Ville Pokka              0  0  0  -1  0   0  1  1  0  1  0/0    16:01   0:00   0:47 

Players Stats for Seattle Thunderbirds

Player Name              G  A  P  +/- PIM S  H  SB GA TA FO     MP     PP MP  PK MP  
------------------------------------------------------------------------------------
Andrew Campbell          0  0  0   0  5   1  2  2  1  0  0/0    21:21   2:28   0:04 
Bracken Kearns           0  0  0  -1  0   1  1  2  1  1  14/27  21:56   2:08   0:00 
Brett Sutter             0  0  0   0  0   2  1  1  0  0  7/11   16:25   1:50   0:00 
Colin Smith              0  0  0  -1  0   1  3  0  1  0  2/9    12:47   0:02   0:00 
David Musil              0  0  0  -1  0   0  1  0  0  0  0/0     6:05   0:00   0:00 
Devin Setoguchi          1  0  1  -1  2   8  0  0  1  0  1/1    21:55   2:08   0:00 
Jacob MacDonald          0  0  0   0  0   0  1  0  0  0  0/0    17:55   1:30   0:00 
Jamie McBain             0  1  1   0  0   2  0  0  1  0  0/0    24:36   2:28   0:04 
Joey LaLeggia            0  0  0   0  0   1  2  1  0  1  0/0    14:38   0:00   0:00 
Matej Stransky           0  0  0   0  0   1  2  0  0  0  1/1    16:18   1:50   0:04 
Matt Tennyson            0  0  0   0  0   0  0  2  0  0  0/0    11:24   0:00   0:00 
Peter Cehlarik           0  0  0   1  0   2  1  0  0  0  0/0     8:59   0:00   0:00 
Peter Mueller            0  1  1  -1  0   5  2  0  0  0  1/2    21:56   2:08   0:00 
Roman Lyubimov           0  0  0  -1  0   4  1  0  2  0  0/1    12:41   0:00   0:04 
Rourke Chartier          0  1  1   1  0   0  1  0  0  0  1/1     8:59   0:00   0:00 
Sean Backman             0  0  0  -1  0   1  0  1  0  0  0/0    12:36   0:00   0:00 
Stefan Noesen            0  0  0   0  0   5  3  0  0  0  0/0    16:24   1:48   0:00 
T.J. Tynan               1  0  1   1  0   2  0  0  1  1  1/1     8:59   0:00   0:00 
Vincent LoVerde          0  0  0  -1  0   0  0  0  0  0  0/0     6:05   0:00   0:00 
Yannick Weber            0  1  1   0  0   0  1  1  0  0  0/0    17:55   1:30   0:00 

3 Stars

1 - Joonas Donskoi (PIR)
2 - Michael Hutchinson (PIR)
3 - Curtis Lazar (PIR)

Power Play

Portland Pirates - 1 on 1 Attempt(s) - 100,00%
Seattle Thunderbirds - 0 on 2 Attempt(s) - 0,00%

Penalty Kill

Portland Pirates - 2 on 2 Attempt(s) - 100,00% - Score 0 goal in Penalty Kill
Seattle Thunderbirds - 0 on 1 Attempt(s) - 0,00% - Score 0 goal in Penalty Kill

Team Stat

Portland Pirates - Hits : 24 - Faceoff Wins : 26 - Blocked Shots : 11 - Penalty Minutes : 9
Seattle Thunderbirds - Hits : 22 - Faceoff Wins : 28 - Blocked Shots : 10 - Penalty Minutes : 7

Official

Referees : Kyle Rehman and Dave Lewis
Linesman : Brad Kovachik and Thor Nelson

Game Notes

Andrew Campbell and Ben Thomas fight to a draw at 19:30 of 1st period
3:28 of 2nd period - Portland Pirates goal is going for a video replay. After video review, No Goal. The goalkeeper has been pushed into the net together with the puck after making a save.

Finance

Level 1 -- Attendance: 1486 (74,30%) -- Ticket Income 52 010 $
Level 2 -- Attendance: 832 (83,20%) -- Ticket Income 12 480 $
Total Attendance: 2318 (77,27%)
Total Ticket Income: 64 490 $
Other Income: 31 600 $
Total Income: 96 090 $

Portland Pirates

5 vs 5 Forward 
   Center                   Left Wing                Right Wing               Time % Phy DF OF 
 1 Ryan Carpenter           Alan Quine               Joonas Donskoi           30     1   2  2  
 2 Greg Carey               John Quenneville         Curtis Lazar             30     1   2  2  
 3 Jack Roslovic            Blake Pietila            Justin Bailey            25     1   2  2  
 4 Mike Amadio              Jake Virtanen            Kyle Baun                15     1   2  2  

5 vs 5 Defense 
   Defense                  Defense                                           Time % Phy DF OF 
 1 Joakim Ryan              Ben Thomas                                        40     1   2  2  
 2 Kyle Wood                Justin Falk                                       35     1   2  2  
 3 Ville Pokka              David Warsofsky                                   25     1   2  2  
 4 Joakim Ryan              Justin Falk                                       0      1   2  2  

PowerPlay Forward 
   Center                   Left Wing                Right Wing               Time % Phy DF OF 
 1 Greg Carey               Joonas Donskoi           Ryan Carpenter           50     1   2  2  
 2 Alan Quine               John Quenneville         Kyle Baun                50     1   2  2  

PowerPlay Defense
   Defense                  Defense                                           Time % Phy DF OF 
 1 David Warsofsky          Ben Thomas                                        60     1   2  2  
 2 Joakim Ryan              Kyle Wood                                         40     1   2  2  

Penalty Kill 4 Players Forward 
   Center                   Wing                     Time % Phy DF OF 
 1 Alan Quine               Blake Pietila            60     1   2  2  
 2 Mike Amadio              Justin Bailey            40     1   2  2  

Penalty Kill 4 Players Defense
   Defense                  Defense                  Time % Phy DF OF 
 1 Joakim Ryan              Ben Thomas               60     1   2  2  
 2 Justin Falk              Kyle Wood                40     1   2  2  

Penalty Kill - 3 Players Forward 
   Forward                                           Time % Phy DF OF 
 1 Blake Pietila                                     60     1   2  2  
 2 Ryan Carpenter                                    40     1   2  2  

Penalty Kill - 3 Players Defense
   Defense                  Defense                  Time % Phy DF OF 
 1 Joakim Ryan              Justin Falk              60     1   2  2  
 2 Kyle Wood                Ben Thomas               40     1   2  2  

4 vs 4 Forward 
   Center                   Wing                     Time % Phy DF OF 
 1 Jack Roslovic            Joonas Donskoi           60     1   2  2  
 2 Alan Quine               Blake Pietila            40     1   2  2  

4 vs 4 Defense
   Defense                  Defense                  Time % Phy DF OF 
 1 Joakim Ryan              Justin Falk              60     1   2  2  
 2 Kyle Wood                Ville Pokka              40     1   2  2  

Last Minutes Offensive
   Center                   Left Wing                Right Wing               Defense                  Defense                  
   Greg Carey               Joonas Donskoi           Ryan Carpenter           David Warsofsky          Joakim Ryan              

Last Minutes Defensive
   Center                   Left Wing                Right Wing               Defense                  Defense                  
   Ryan Carpenter           Blake Pietila            Alan Quine               Joakim Ryan              Ben Thomas               

Goaltenders
Starting : Michael Hutchinson       
Backup : Steve Michalek           

Extra Forwards
Normal : Mike Amadio, Greg Carey, Jack Roslovic - PP : Mike Amadio, Greg Carey - PK : Jack Roslovic
Extra Defensemen
Normal : Ville Pokka, David Warsofsky, Kyle Wood - PP : Kyle Wood - PK : David Warsofsky, Kyle Wood
Penalty Shots
Jake Virtanen, Joonas Donskoi, Greg Carey, Ryan Carpenter, Jack Roslovic

Scratches
Radel Fazleev (Healthy), Cole Bardreau (Healthy), Brian Cooper (Healthy), Oliver Kylington (Healthy), Vaclav Karabacek (Healthy)

Seattle Thunderbirds

5 vs 5 Forward 
   Center                   Left Wing                Right Wing               Time % Phy DF OF 
 1 Bracken Kearns           Peter Mueller            Devin Setoguchi          40     1   2  2  
 2 Brett Sutter             Stefan Noesen            Matej Stransky           30     1   2  2  
 3 Colin Smith              Sean Backman             Roman Lyubimov           20     1   2  2  
 4 Rourke Chartier          Peter Cehlarik           T.J. Tynan               10     1   2  2  

5 vs 5 Defense 
   Defense                  Defense                                           Time % Phy DF OF 
 1 Jamie McBain             Andrew Campbell                                   40     1   2  2  
 2 Yannick Weber            Jacob MacDonald                                   30     1   2  2  
 3 Joey LaLeggia            Matt Tennyson                                     20     1   2  2  
 4 David Musil              Vincent LoVerde                                   10     1   2  2  

PowerPlay Forward 
   Center                   Left Wing                Right Wing               Time % Phy DF OF 
 1 Bracken Kearns           Peter Mueller            Devin Setoguchi          60     1   2  2  
 2 Brett Sutter             Stefan Noesen            Matej Stransky           40     1   2  2  

PowerPlay Defense
   Defense                  Defense                                           Time % Phy DF OF 
 1 Jamie McBain             Andrew Campbell                                   60     1   2  2  
 2 Yannick Weber            Jacob MacDonald                                   40     1   2  2  

Penalty Kill 4 Players Forward 
   Center                   Wing                     Time % Phy DF OF 
 1 Devin Setoguchi          Matej Stransky           60     1   2  2  
 2 Bracken Kearns           Peter Mueller            40     1   2  2  

Penalty Kill 4 Players Defense
   Defense                  Defense                  Time % Phy DF OF 
 1 Jamie McBain             Andrew Campbell          60     1   2  2  
 2 Yannick Weber            Jacob MacDonald          40     1   2  2  

Penalty Kill - 3 Players Forward 
   Forward                                           Time % Phy DF OF 
 1 Devin Setoguchi                                   60     1   2  2  
 2 Matej Stransky                                    40     1   2  2  

Penalty Kill - 3 Players Defense
   Defense                  Defense                  Time % Phy DF OF 
 1 Jamie McBain             Andrew Campbell          60     1   2  2  
 2 Yannick Weber            Jacob MacDonald          40     1   2  2  

4 vs 4 Forward 
   Center                   Wing                     Time % Phy DF OF 
 1 Devin Setoguchi          Matej Stransky           60     1   2  2  
 2 Bracken Kearns           Peter Mueller            40     1   2  2  

4 vs 4 Defense
   Defense                  Defense                  Time % Phy DF OF 
 1 Jamie McBain             Andrew Campbell          60     1   2  2  
 2 Yannick Weber            Jacob MacDonald          40     1   2  2  

Last Minutes Offensive
   Center                   Left Wing                Right Wing               Defense                  Defense                  
   Bracken Kearns           Peter Mueller            Devin Setoguchi          Jamie McBain             Andrew Campbell          

Last Minutes Defensive
   Center                   Left Wing                Right Wing               Defense                  Defense                  
   Bracken Kearns           Peter Mueller            Devin Setoguchi          Jamie McBain             Andrew Campbell          

Goaltenders
Starting : John Muse                
Backup : Adin Hill                

Extra Forwards
Normal : Colin Smith, Sean Backman, Roman Lyubimov - PP : Colin Smith, Sean Backman - PK : Roman Lyubimov
Extra Defensemen
Normal : Joey LaLeggia, Matt Tennyson, David Musil - PP : Joey LaLeggia - PK : Matt Tennyson, David Musil
Penalty Shots
Devin Setoguchi, Matej Stransky, Bracken Kearns, Peter Mueller, Stefan Noesen

Scratches
Rob O'Gara (Healthy), Anthony Peluso (Healthy), Landon Ferraro (Healthy), Pat Cannone (Healthy), Alex Petan (Healthy)

% Time on Ice - Portland Pirates

Lines # - Real PCT - Wanted PCT - Time Play
Normal Forward
1 - 31% - 30% - 17:13
2 - 28% - 30% - 15:43
3 - 25% - 25% - 13:53
4 - 16% - 15% - 9:09
Normal Defense
1 - 38% - 40% - 21:31
2 - 35% - 35% - 19:29
3 - 25% - 25% - 13:54
4 - 2% - 0% - 1:04
PP Forward
1 - 100% - 50% - 0:04
2 - 0% - 50% - 0:00
PP Defense
1 - 100% - 60% - 0:04
2 - 0% - 40% - 0:00
PK Forward
1 - 71% - 60% - 2:49
2 - 29% - 40% - 1:09
PK Defense
1 - 74% - 60% - 2:56
2 - 26% - 40% - 1:02
PK3 Forward
1 - 0% - 60%
2 - 0% - 40%
PK3 Defense
1 - 0% - 60%
2 - 0% - 40%
44 Forward
1 - 0% - 60%
2 - 0% - 40%
44 Defense
1 - 0% - 60%
2 - 0% - 40%
Last Minute Offensive  - 0:00
Last Minute Defensive  - 0:00
Total
Forward - 60:00
Defense - 60:00

% Time on Ice - Seattle Thunderbirds

Lines # - Real PCT - Wanted PCT - Time Play
Normal Forward
1 - 37% - 40% - 20:29
2 - 26% - 30% - 14:24
3 - 22% - 20% - 12:06
4 - 16% - 10% - 8:59
Normal Defense
1 - 39% - 40% - 22:04
2 - 29% - 30% - 16:25
3 - 20% - 20% - 11:24
4 - 11% - 10% - 6:05
PP Forward
1 - 54% - 60% - 2:08
2 - 46% - 40% - 1:50
PP Defense
1 - 62% - 60% - 2:28
2 - 38% - 40% - 1:30
PK Forward
1 - 100% - 60% - 0:04
2 - 0% - 40% - 0:00
PK Defense
1 - 100% - 60% - 0:04
2 - 0% - 40% - 0:00
PK3 Forward
1 - 0% - 60%
2 - 0% - 40%
PK3 Defense
1 - 0% - 60%
2 - 0% - 40%
44 Forward
1 - 0% - 60%
2 - 0% - 40%
44 Defense
1 - 0% - 60%
2 - 0% - 40%
Last Minute Offensive  - 0:00
Last Minute Defensive  - 0:00
Total
Forward - 60:00
Defense - 60:00

Play by Play

1st period


0:01 of 1st period - Ryan Carpenter wins face-off versus Bracken Kearns in neutral zone.
0:10 of 1st period - Snap shot by Ryan Carpenter.
0:10 of 1st period - Stopped by John Muse with a rebound.
0:18 of 1st period - Devin Setoguchi is hit by Joonas Donskoi and loses puck.
1:13 of 1st period - Jake Virtanen is hit by Jacob MacDonald and loses puck.
2:11 of 1st period - Bracken Kearns is hit by Ryan Carpenter and loses puck.
2:20 of 1st period - Snap shot by Bracken Kearns.
2:20 of 1st period - Shot Misses the Net.
3:04 of 1st period - Snap shot by Joonas Donskoi.
3:04 of 1st period - Shot Blocked by Bracken Kearns.
3:06 of 1st period - Slapshot by Alan Quine.
3:06 of 1st period - Shot Misses the Net.
3:08 of 1st period - Wrist shot by Alan Quine.
3:08 of 1st period - Shot Blocked by Matt Tennyson.
3:10 of 1st period - Snap shot by Alan Quine.
3:10 of 1st period - Shot Blocked by Bracken Kearns.
3:12 of 1st period - Backhand shot by Ryan Carpenter.
3:12 of 1st period - Shot Misses the Net.
3:16 of 1st period - Wrist shot by Ryan Carpenter.
3:16 of 1st period - Shot Blocked by Joey LaLeggia.
3:18 of 1st period - Snap shot by Alan Quine.
3:18 of 1st period - Shot Misses the Net.
3:20 of 1st period - Wrist shot by Kyle Wood.
3:20 of 1st period - Stopped by John Muse with a rebound.
3:22 of 1st period - Snap shot by Ryan Carpenter.
3:22 of 1st period - Stopped by John Muse with a rebound.
3:36 of 1st period - Snap shot by Ryan Carpenter.
3:36 of 1st period - Stopped by John Muse with a rebound.
3:38 of 1st period - Wrist shot by Joonas Donskoi.
3:38 of 1st period - Shot Blocked by Matt Tennyson.
3:40 of 1st period - Wrist shot by Ryan Carpenter.
3:40 of 1st period - Shot Misses the Net.
4:04 of 1st period - Wrist shot by Alan Quine.
4:04 of 1st period - Shot Misses the Net.
4:32 of 1st period - Snap shot by Alan Quine.
4:32 of 1st period - Shot Misses the Net.
4:34 of 1st period - Wrist shot by Ryan Carpenter.
4:34 of 1st period - Stopped by John Muse without a rebound.
4:35 of 1st period - Brett Sutter wins face-off versus John Quenneville in Seattle Thunderbirds zone.
4:35 of 1st period - Brett Sutter is hit by Curtis Lazar.
4:47 of 1st period - Snap shot by Brett Sutter.
4:47 of 1st period - Stopped by Michael Hutchinson with a rebound.
4:49 of 1st period - Wrist shot by Stefan Noesen.
4:49 of 1st period - Stopped by Michael Hutchinson with a rebound.
4:51 of 1st period - Wrist shot by Matej Stransky.
4:51 of 1st period - Stopped by Michael Hutchinson with a rebound.
5:26 of 1st period - Jack Roslovic is hit by David Musil and loses puck.
6:09 of 1st period - Joakim Ryan is hit by Stefan Noesen and loses puck.
7:01 of 1st period - Snap shot by Stefan Noesen.
7:01 of 1st period - Stopped by Michael Hutchinson with a rebound.
7:27 of 1st period - Snap shot by Justin Bailey.
7:27 of 1st period - Stopped by John Muse without a rebound.
7:28 of 1st period - Greg Carey wins face-off versus Colin Smith in Seattle Thunderbirds zone.
7:59 of 1st period - Wrist shot by T.J. Tynan.
7:59 of 1st period - Goal by T.J. Tynan - Portland Pirates : 0 - Seattle Thunderbirds : 1.
8:00 of 1st period - Greg Carey wins face-off versus Colin Smith in neutral zone.
8:13 of 1st period - Wrist shot by Greg Carey.
8:13 of 1st period - Shot Misses the Net.
8:25 of 1st period - Andrew Campbell is hit by Jake Virtanen and loses puck.
10:24 of 1st period - Icing by Joakim Ryan.
10:25 of 1st period - Rourke Chartier wins face-off versus Greg Carey in Portland Pirates zone.
11:08 of 1st period - Snap shot by Bracken Kearns.
11:08 of 1st period - Shot Misses the Net.
11:45 of 1st period - Slapshot by Stefan Noesen.
11:45 of 1st period - Shot Misses the Net.
11:47 of 1st period - Wrist shot by Jamie McBain.
11:47 of 1st period - Stopped by Michael Hutchinson without a rebound.
11:48 of 1st period - Greg Carey wins face-off versus Bracken Kearns in Portland Pirates zone.
12:16 of 1st period - Snap shot by Devin Setoguchi.
12:16 of 1st period - Stopped by Michael Hutchinson without a rebound.
12:17 of 1st period - Mike Amadio wins face-off versus Colin Smith in Portland Pirates zone.
12:30 of 1st period - Slapshot by Jake Virtanen.
12:30 of 1st period - Stopped by John Muse without a rebound.
12:31 of 1st period - Greg Carey wins face-off versus Peter Mueller in Seattle Thunderbirds zone.
12:38 of 1st period - Snap shot by Greg Carey.
12:38 of 1st period - Shot Misses the Net.
12:40 of 1st period - Snap shot by Greg Carey.
12:40 of 1st period - Stopped by John Muse without a rebound.
12:41 of 1st period - Devin Setoguchi wins face-off versus Curtis Lazar in Seattle Thunderbirds zone.
12:48 of 1st period - Snap shot by Devin Setoguchi.
12:48 of 1st period - Shot Misses the Net.
12:58 of 1st period - Wrist shot by John Quenneville.
12:58 of 1st period - Stopped by John Muse without a rebound.
12:59 of 1st period - Jack Roslovic wins face-off versus Brett Sutter in Seattle Thunderbirds zone.
13:00 of 1st period - Snap shot by Justin Bailey.
13:00 of 1st period - Stopped by John Muse without a rebound.
13:01 of 1st period - Jack Roslovic wins face-off versus Brett Sutter in Seattle Thunderbirds zone.
13:16 of 1st period - Wrist shot by Stefan Noesen.
13:16 of 1st period - Deflect By Brett Sutter.
13:16 of 1st period - Shot Misses the Net.
13:16 of 1st period - Puck is out of play.
13:17 of 1st period - Colin Smith wins face-off versus Greg Carey in Portland Pirates zone.
14:29 of 1st period - Slapshot by Ryan Carpenter.
14:29 of 1st period - Stopped by John Muse with a rebound.
14:31 of 1st period - Slapshot by Alan Quine.
14:31 of 1st period - Stopped by John Muse with a rebound.
14:33 of 1st period - Slapshot by Alan Quine.
14:33 of 1st period - Deflect By Ryan Carpenter.
14:33 of 1st period - Stopped by John Muse with a rebound.
14:35 of 1st period - Slapshot by Ville Pokka.
14:35 of 1st period - Shot Misses the Net.
15:24 of 1st period - Joakim Ryan is hit by Bracken Kearns and loses puck.
15:49 of 1st period - Wrist shot by Peter Cehlarik.
15:49 of 1st period - Deflect By Joakim Ryan.
15:49 of 1st period - Stopped by Michael Hutchinson with a rebound.
15:51 of 1st period - Slapshot by Andrew Campbell.
15:51 of 1st period - Shot Misses the Net.
15:53 of 1st period - Slapshot by Andrew Campbell.
15:53 of 1st period - Stopped by Michael Hutchinson without a rebound.
15:54 of 1st period - Greg Carey wins face-off versus Bracken Kearns in Portland Pirates zone.
16:01 of 1st period - Devin Setoguchi is hit by Curtis Lazar and loses puck.
16:06 of 1st period - Wrist shot by John Quenneville.
16:06 of 1st period - Stopped by John Muse with a rebound.
16:08 of 1st period - Wrist shot by John Quenneville.
16:08 of 1st period - Stopped by John Muse with a rebound.
16:10 of 1st period - Slapshot by Curtis Lazar.
16:10 of 1st period - Goal by Curtis Lazar - Portland Pirates : 1 - Seattle Thunderbirds : 1.
16:11 of 1st period - Bracken Kearns wins face-off versus Greg Carey in neutral zone.
16:38 of 1st period - Icing by Blake Pietila.
16:39 of 1st period - Brett Sutter wins face-off versus Blake Pietila in Portland Pirates zone.
17:06 of 1st period - Justin Bailey is hit by Matej Stransky and loses puck.
17:11 of 1st period - Snap shot by Stefan Noesen.
17:11 of 1st period - Shot Blocked by Joakim Ryan.
17:21 of 1st period - Slapshot by Stefan Noesen.
17:21 of 1st period - Stopped by Michael Hutchinson with a rebound.
17:23 of 1st period - Slapshot by Jacob MacDonald.
17:23 of 1st period - Shot Blocked by Joakim Ryan.
17:25 of 1st period - Snap shot by Matej Stransky.
17:25 of 1st period - Deflect By Stefan Noesen.
17:25 of 1st period - Shot Misses the Net.
17:25 of 1st period - Puck is out of play.
17:26 of 1st period - Bracken Kearns wins face-off versus Greg Carey in Portland Pirates zone.
17:35 of 1st period - Wrist shot by Devin Setoguchi.
17:35 of 1st period - Shot Misses the Net.
17:51 of 1st period - Roman Lyubimov is hit by Alan Quine and loses puck.
18:12 of 1st period - Snap shot by Kyle Baun.
18:12 of 1st period - Stopped by John Muse with a rebound.
18:14 of 1st period - Snap shot by Mike Amadio.
18:14 of 1st period - Shot Misses the Net.
18:16 of 1st period - Snap shot by Jake Virtanen.
18:16 of 1st period - Stopped by John Muse with a rebound.
18:18 of 1st period - Snap shot by Justin Falk.
18:18 of 1st period - Shot Misses the Net.
18:20 of 1st period - Slapshot by Justin Falk.
18:20 of 1st period - Stopped by John Muse with a rebound.
18:22 of 1st period - Slapshot by Justin Falk.
18:22 of 1st period - Stopped by John Muse without a rebound.
18:23 of 1st period - Greg Carey wins face-off versus Bracken Kearns in Seattle Thunderbirds zone.
18:28 of 1st period - Snap shot by Curtis Lazar.
18:28 of 1st period - Shot Misses the Net.
18:30 of 1st period - Wrist shot by Curtis Lazar.
18:30 of 1st period - Shot Blocked by Yannick Weber.
18:32 of 1st period - Wrist shot by Greg Carey.
18:32 of 1st period - Shot Misses the Net.
18:34 of 1st period - Wrist shot by Curtis Lazar.
18:34 of 1st period - Stopped by John Muse without a rebound.
18:35 of 1st period - Bracken Kearns wins face-off versus Greg Carey in Seattle Thunderbirds zone.
18:44 of 1st period - Snap shot by Curtis Lazar.
18:44 of 1st period - Shot Misses the Net.
19:00 of 1st period - Peter Mueller is hit by Mike Amadio and loses puck.
19:23 of 1st period - Snap shot by Jack Roslovic.
19:23 of 1st period - Stopped by John Muse with a rebound.
19:25 of 1st period - Slapshot by David Warsofsky.
19:25 of 1st period - Stopped by John Muse with a rebound.
19:27 of 1st period - Slapshot by Ben Thomas.
19:27 of 1st period - Stopped by John Muse without a rebound.
19:28 of 1st period - Matej Stransky wins face-off versus Jack Roslovic in Seattle Thunderbirds zone.
19:30 of 1st period - Andrew Campbell and Ben Thomas fight to a draw.
19:30 of 1st period - Penalty to Andrew Campbell for Fighting.
19:30 of 1st period - Penalty to Ben Thomas for Fighting.
19:31 of 1st period - Brett Sutter wins face-off versus Ryan Carpenter in neutral zone.
19:56 of 1st period - John Quenneville is hit by Colin Smith.
Goals for this period are 1 for Portland Pirates vs 1 for Seattle Thunderbirds.
Shots for this period are 24 for Portland Pirates vs 10 for Seattle Thunderbirds.

2nd period


0:01 of 2nd period - Curtis Lazar wins face-off versus Colin Smith in neutral zone.
0:33 of 2nd period - Snap shot by Devin Setoguchi.
0:33 of 2nd period - Stopped by Michael Hutchinson with a rebound.
0:39 of 2nd period - Slapshot by Devin Setoguchi.
0:39 of 2nd period - Shot Blocked by Justin Falk.
1:36 of 2nd period - Wrist shot by Roman Lyubimov.
1:36 of 2nd period - Stopped by Michael Hutchinson with a rebound.
2:21 of 2nd period - Snap shot by Peter Mueller.
2:21 of 2nd period - Stopped by Michael Hutchinson without a rebound.
2:22 of 2nd period - Peter Mueller wins face-off versus Mike Amadio in Portland Pirates zone.
2:31 of 2nd period - Snap shot by Kyle Baun.
2:31 of 2nd period - Stopped by John Muse without a rebound.
2:32 of 2nd period - Greg Carey wins face-off versus Bracken Kearns in Seattle Thunderbirds zone.
2:57 of 2nd period - David Musil is hit by Ryan Carpenter.
3:10 of 2nd period - Icing by Kyle Wood.
3:11 of 2nd period - Bracken Kearns wins face-off versus Ryan Carpenter in Portland Pirates zone.
3:14 of 2nd period - Slapshot by Devin Setoguchi.
3:14 of 2nd period - Stopped by Michael Hutchinson with a rebound.
3:28 of 2nd period - Snap shot by Alan Quine.
3:28 of 2nd period - Portland Pirates goal is going for a video replay.
3:28 of 2nd period - The goal is refused. The goalkeeper has been pushed into the net together with the puck after making a save..
3:29 of 2nd period - Greg Carey wins face-off versus Colin Smith in Seattle Thunderbirds zone.
4:00 of 2nd period - Slapshot by Devin Setoguchi.
4:00 of 2nd period - Stopped by Michael Hutchinson with a rebound.
4:18 of 2nd period - Alan Quine is hit by Stefan Noesen.
4:22 of 2nd period - Snap shot by Stefan Noesen.
4:22 of 2nd period - Shot Misses the Net.
4:24 of 2nd period - Slapshot by Jamie McBain.
4:24 of 2nd period - Deflect By Matej Stransky.
4:24 of 2nd period - Shot Blocked by Kyle Wood.
4:24 of 2nd period - Puck is out of play.
4:25 of 2nd period - Greg Carey wins face-off versus Colin Smith in Portland Pirates zone.
4:34 of 2nd period - Slapshot by Roman Lyubimov.
4:34 of 2nd period - Stopped by Michael Hutchinson with a rebound.
4:36 of 2nd period - Snap shot by Colin Smith.
4:36 of 2nd period - Shot Blocked by Kyle Wood.
4:38 of 2nd period - Slapshot by Jamie McBain.
4:38 of 2nd period - Stopped by Michael Hutchinson with a rebound.
4:40 of 2nd period - Slapshot by Sean Backman.
4:40 of 2nd period - Shot Blocked by Justin Falk.
4:50 of 2nd period - Snap shot by Brett Sutter.
4:50 of 2nd period - Stopped by Michael Hutchinson with a rebound.
4:52 of 2nd period - Slapshot by Jamie McBain.
4:52 of 2nd period - Shot Blocked by Jack Roslovic.
5:58 of 2nd period - Wrist shot by Mike Amadio.
5:58 of 2nd period - Deflect By Roman Lyubimov.
5:58 of 2nd period - Stopped by John Muse with a rebound.
6:09 of 2nd period - Wrist shot by John Quenneville.
6:09 of 2nd period - Shot Blocked by Sean Backman.
6:20 of 2nd period - Off-side.
6:21 of 2nd period - Jack Roslovic wins face-off versus Brett Sutter in neutral zone.
6:28 of 2nd period - Snap shot by Jack Roslovic.
6:28 of 2nd period - Stopped by John Muse with a rebound.
6:42 of 2nd period - Minor Penalty to Joakim Ryan for Holding Stick.
6:43 of 2nd period - Blake Pietila wins face-off versus Bracken Kearns in Portland Pirates zone.
8:13 of 2nd period - Jacob MacDonald is hit by Jake Virtanen and loses puck.
8:42 of 2nd period - Penalty to Joakim Ryan is over, Joakim Ryan is back on ice.
8:46 of 2nd period - Ville Pokka is hit by Colin Smith and loses puck.
9:04 of 2nd period - Yannick Weber is hit by Alan Quine and loses puck.
9:17 of 2nd period - Matt Tennyson is hit by Curtis Lazar and loses puck.
9:22 of 2nd period - Wrist shot by Greg Carey.
9:22 of 2nd period - Stopped by John Muse with a rebound.
9:38 of 2nd period - Mike Amadio is hit by Joey LaLeggia and loses puck.
9:59 of 2nd period - Devin Setoguchi is hit by Ryan Carpenter and loses puck.
11:27 of 2nd period - Rourke Chartier is hit by Mike Amadio and loses puck.
12:37 of 2nd period - Greg Carey is hit by Yannick Weber.
13:25 of 2nd period - Bracken Kearns is hit by Alan Quine and loses puck.
14:14 of 2nd period - Icing by Mike Amadio.
14:15 of 2nd period - Mike Amadio wins face-off versus Colin Smith in Portland Pirates zone.
14:22 of 2nd period - Blake Pietila is hit by Roman Lyubimov and loses puck.
15:35 of 2nd period - Wrist shot by Joonas Donskoi.
15:35 of 2nd period - Stopped by John Muse without a rebound.
15:36 of 2nd period - Bracken Kearns wins face-off versus Greg Carey in Seattle Thunderbirds zone.
16:01 of 2nd period - Ben Thomas is hit by Matej Stransky and loses puck.
16:28 of 2nd period - Icing by Stefan Noesen.
16:29 of 2nd period - Mike Amadio wins face-off versus Brett Sutter in Seattle Thunderbirds zone.
17:04 of 2nd period - Snap shot by Joonas Donskoi.
17:04 of 2nd period - Stopped by John Muse without a rebound.
17:05 of 2nd period - Greg Carey wins face-off versus Bracken Kearns in Seattle Thunderbirds zone.
17:08 of 2nd period - Slapshot by John Quenneville.
17:08 of 2nd period - Shot Misses the Net.
17:14 of 2nd period - Snap shot by Curtis Lazar.
17:14 of 2nd period - Shot Misses the Net.
17:30 of 2nd period - T.J. Tynan is hit by Alan Quine and loses puck.
17:54 of 2nd period - Jamie McBain is hit by Jake Virtanen and loses puck.
18:03 of 2nd period - Wrist shot by Mike Amadio.
18:03 of 2nd period - Shot Misses the Net.
18:56 of 2nd period - Snap shot by Ryan Carpenter.
18:56 of 2nd period - Shot Misses the Net.
18:58 of 2nd period - Snap shot by Alan Quine.
18:58 of 2nd period - Shot Misses the Net.
19:00 of 2nd period - Snap shot by Alan Quine.
19:00 of 2nd period - Shot Misses the Net.
19:02 of 2nd period - Snap shot by Ryan Carpenter.
19:02 of 2nd period - Stopped by John Muse with a rebound.
19:48 of 2nd period - Wrist shot by Justin Bailey.
19:48 of 2nd period - Stopped by John Muse with a rebound.
19:50 of 2nd period - Slapshot by Justin Falk.
19:50 of 2nd period - Shot Blocked by Brett Sutter.
Goals for this period are 0 for Portland Pirates vs 0 for Seattle Thunderbirds.
Shots for this period are 9 for Portland Pirates vs 8 for Seattle Thunderbirds.

3rd period


0:01 of 3rd period - Bracken Kearns wins face-off versus Ryan Carpenter in neutral zone.
0:04 of 3rd period - Wrist shot by Peter Mueller.
0:04 of 3rd period - Stopped by Michael Hutchinson with a rebound.
0:20 of 3rd period - Joonas Donskoi is hit by Peter Mueller and loses puck.
1:24 of 3rd period - Minor Penalty to Ben Thomas for Interference.
1:25 of 3rd period - Alan Quine wins face-off versus Bracken Kearns in Portland Pirates zone.
1:35 of 3rd period - Slapshot by Alan Quine.
1:35 of 3rd period - Shot Misses the Net.
1:41 of 3rd period - Slapshot by Jamie McBain.
1:41 of 3rd period - Shot Misses the Net.
2:19 of 3rd period - Bracken Kearns is hit by Joakim Ryan and loses puck.
3:24 of 3rd period - Penalty to Ben Thomas is over, Ben Thomas is back on ice.
3:36 of 3rd period - Sean Backman is hit by Ville Pokka and loses puck.
3:41 of 3rd period - Wrist shot by John Quenneville.
3:41 of 3rd period - Deflect By Curtis Lazar.
3:41 of 3rd period - Stopped by John Muse with a rebound.
3:43 of 3rd period - Wrist shot by Ben Thomas.
3:43 of 3rd period - Shot Misses the Net.
3:45 of 3rd period - Slapshot by Ben Thomas.
3:45 of 3rd period - Stopped by John Muse with a rebound.
4:09 of 3rd period - Slapshot by T.J. Tynan.
4:09 of 3rd period - Stopped by Michael Hutchinson with a rebound.
5:04 of 3rd period - David Warsofsky is hit by Peter Cehlarik and loses puck.
5:17 of 3rd period - Snap shot by Roman Lyubimov.
5:17 of 3rd period - Stopped by Michael Hutchinson without a rebound.
5:18 of 3rd period - Colin Smith wins face-off versus Greg Carey in Portland Pirates zone.
5:42 of 3rd period - Vincent LoVerde is hit by Justin Bailey and loses puck.
5:49 of 3rd period - Wrist shot by Jack Roslovic.
5:49 of 3rd period - Stopped by John Muse with a rebound.
5:51 of 3rd period - Snap shot by Blake Pietila.
5:51 of 3rd period - Goal by Blake Pietila - Portland Pirates : 2 - Seattle Thunderbirds : 1.
5:52 of 3rd period - Bracken Kearns wins face-off versus Ryan Carpenter in neutral zone.
6:01 of 3rd period - Snap shot by Peter Mueller.
6:01 of 3rd period - Shot Misses the Net.
6:03 of 3rd period - Wrist shot by Peter Mueller.
6:03 of 3rd period - Stopped by Michael Hutchinson with a rebound.
6:05 of 3rd period - Wrist shot by Peter Mueller.
6:05 of 3rd period - Stopped by Michael Hutchinson without a rebound.
6:06 of 3rd period - Bracken Kearns wins face-off versus Greg Carey in Portland Pirates zone.
6:11 of 3rd period - Snap shot by Devin Setoguchi.
6:11 of 3rd period - Deflect By Bracken Kearns.
6:11 of 3rd period - Shot Blocked by Kyle Wood.
6:11 of 3rd period - Puck is out of play.
6:12 of 3rd period - Greg Carey wins face-off versus Bracken Kearns in Portland Pirates zone.
7:23 of 3rd period - Wrist shot by Peter Cehlarik.
7:23 of 3rd period - Stopped by Michael Hutchinson with a rebound.
7:47 of 3rd period - Snap shot by Peter Mueller.
7:47 of 3rd period - Shot Blocked by Ville Pokka.
7:49 of 3rd period - Slapshot by Yannick Weber.
7:49 of 3rd period - Deflect By Devin Setoguchi.
7:49 of 3rd period - Goal by Devin Setoguchi - Portland Pirates : 2 - Seattle Thunderbirds : 2.
7:50 of 3rd period - Ryan Carpenter wins face-off versus Bracken Kearns in neutral zone.
8:03 of 3rd period - Snap shot by Joey LaLeggia.
8:03 of 3rd period - Stopped by Michael Hutchinson without a rebound.
8:04 of 3rd period - Bracken Kearns wins face-off versus Jack Roslovic in Portland Pirates zone.
8:31 of 3rd period - Jamie McBain is hit by Joonas Donskoi and loses puck.
9:27 of 3rd period - Snap shot by Jake Virtanen.
9:27 of 3rd period - Shot Misses the Net.
9:29 of 3rd period - Slapshot by Kyle Wood.
9:29 of 3rd period - Shot Misses the Net.
9:39 of 3rd period - Wrist shot by Peter Mueller.
9:39 of 3rd period - Stopped by Michael Hutchinson with a rebound.
9:45 of 3rd period - Peter Cehlarik is hit by Jack Roslovic and loses puck.
10:12 of 3rd period - Alan Quine is hit by Rourke Chartier and loses puck.
10:32 of 3rd period - Wrist shot by T.J. Tynan.
10:32 of 3rd period - Shot Misses the Net.
10:34 of 3rd period - Slapshot by Jamie McBain.
10:34 of 3rd period - Deflect By Rourke Chartier.
10:34 of 3rd period - Shot Misses the Net.
10:34 of 3rd period - Puck is out of play.
10:35 of 3rd period - Bracken Kearns wins face-off versus Greg Carey in Portland Pirates zone.
11:07 of 3rd period - David Warsofsky is hit by Brett Sutter.
11:23 of 3rd period - Wrist shot by Joonas Donskoi.
11:23 of 3rd period - Goal by Joonas Donskoi - Portland Pirates : 3 - Seattle Thunderbirds : 2.
11:24 of 3rd period - Greg Carey wins face-off versus Bracken Kearns in neutral zone.
11:51 of 3rd period - Ben Thomas is hit by Stefan Noesen and loses puck.
12:07 of 3rd period - Icing by Joey LaLeggia.
12:08 of 3rd period - Brett Sutter wins face-off versus Jack Roslovic in Seattle Thunderbirds zone.
12:08 of 3rd period - Brett Sutter is hit by Blake Pietila.
12:18 of 3rd period - Slapshot by Bracken Kearns.
12:18 of 3rd period - Stopped by Michael Hutchinson without a rebound.
12:19 of 3rd period - Bracken Kearns wins face-off versus Greg Carey in Portland Pirates zone.
12:26 of 3rd period - Jacob MacDonald is hit by Curtis Lazar and loses puck.
13:04 of 3rd period - Minor Penalty to Devin Setoguchi for Hooking.
13:05 of 3rd period - Joonas Donskoi wins face-off versus Roman Lyubimov in Seattle Thunderbirds zone.
13:08 of 3rd period - Slapshot by Greg Carey.
13:08 of 3rd period - Goal by Greg Carey - Portland Pirates : 4 - Seattle Thunderbirds : 2.
13:09 of 3rd period - Bracken Kearns wins face-off versus Ryan Carpenter in neutral zone.
13:12 of 3rd period - Snap shot by Devin Setoguchi.
13:12 of 3rd period - Stopped by Michael Hutchinson without a rebound.
13:13 of 3rd period - Ryan Carpenter wins face-off versus Bracken Kearns in Portland Pirates zone.
13:32 of 3rd period - Joey LaLeggia is hit by Ryan Carpenter and loses puck.
13:36 of 3rd period - Icing by Matt Tennyson.
13:37 of 3rd period - Bracken Kearns wins face-off versus Greg Carey in Seattle Thunderbirds zone.
13:44 of 3rd period - Snap shot by Devin Setoguchi.
13:44 of 3rd period - Shot Misses the Net.
13:46 of 3rd period - Slapshot by Devin Setoguchi.
13:46 of 3rd period - Shot Misses the Net.
13:48 of 3rd period - Wrist shot by Devin Setoguchi.
13:48 of 3rd period - Stopped by Michael Hutchinson without a rebound.
13:49 of 3rd period - Brett Sutter wins face-off versus Greg Carey in Portland Pirates zone.
13:52 of 3rd period - Backhand shot by Matej Stransky.
13:52 of 3rd period - Shot Misses the Net.
13:54 of 3rd period - Snap shot by Matej Stransky.
13:54 of 3rd period - Shot Misses the Net.
13:56 of 3rd period - Slapshot by Jacob MacDonald.
13:56 of 3rd period - Deflect By Stefan Noesen.
13:56 of 3rd period - Stopped by Michael Hutchinson with a rebound.
14:04 of 3rd period - Wrist shot by Stefan Noesen.
14:04 of 3rd period - Stopped by Michael Hutchinson with a rebound.
14:40 of 3rd period - Wrist shot by Joonas Donskoi.
14:40 of 3rd period - Shot Blocked by Andrew Campbell.
14:42 of 3rd period - Slapshot by Justin Falk.
14:42 of 3rd period - Stopped by John Muse without a rebound.
14:43 of 3rd period - Brett Sutter wins face-off versus Jack Roslovic in Seattle Thunderbirds zone.
15:15 of 3rd period - Slapshot by Bracken Kearns.
15:15 of 3rd period - Shot Blocked by Joakim Ryan.
15:53 of 3rd period - Off-side.
15:54 of 3rd period - Brett Sutter wins face-off versus Kyle Baun in neutral zone.
16:19 of 3rd period - Blake Pietila is hit by Peter Mueller and loses puck.
16:40 of 3rd period - Wrist shot by Alan Quine.
16:40 of 3rd period - Stopped by John Muse with a rebound.
16:46 of 3rd period - Alan Quine is hit by Joey LaLeggia and loses puck.
17:01 of 3rd period - Greg Carey is hit by Andrew Campbell and loses puck.
17:28 of 3rd period - Off-side.
17:29 of 3rd period - T.J. Tynan wins face-off versus Jack Roslovic in neutral zone.
18:06 of 3rd period - Slapshot by Jack Roslovic.
18:06 of 3rd period - Stopped by John Muse with a rebound.
18:08 of 3rd period - Snap shot by Jack Roslovic.
18:08 of 3rd period - Deflect By Roman Lyubimov.
18:08 of 3rd period - Shot Misses the Net.
18:08 of 3rd period - Puck is out of play.
18:09 of 3rd period - Bracken Kearns wins face-off versus Joonas Donskoi in Seattle Thunderbirds zone.
18:14 of 3rd period - Joonas Donskoi is hit by Andrew Campbell and loses puck.
18:21 of 3rd period - Snap shot by Devin Setoguchi.
18:21 of 3rd period - Stopped by Michael Hutchinson without a rebound.
18:22 of 3rd period - Ryan Carpenter wins face-off versus Bracken Kearns in Portland Pirates zone.
18:37 of 3rd period - Snap shot by Joonas Donskoi.
18:37 of 3rd period - Shot Blocked by Andrew Campbell.
19:11 of 3rd period - Kyle Wood is hit by Colin Smith and loses puck.
19:16 of 3rd period - Wrist shot by Colin Smith.
19:16 of 3rd period - Stopped by Michael Hutchinson with a rebound.
19:18 of 3rd period - Slapshot by Matt Tennyson.
19:18 of 3rd period - Shot Blocked by Justin Falk.
19:20 of 3rd period - Snap shot by Sean Backman.
19:20 of 3rd period - Stopped by Michael Hutchinson with a rebound.
19:22 of 3rd period - Wrist shot by Roman Lyubimov.
19:22 of 3rd period - Stopped by Michael Hutchinson with a rebound.
Goals for this period are 3 for Portland Pirates vs 1 for Seattle Thunderbirds.
Shots for this period are 9 for Portland Pirates vs 18 for Seattle Thunderbirds.